 Dungeon Crawl Stone Soup version 0.19.5 (webtiles) character file.

440 tidbits the Skirmisher (level 6, 0/45 HPs)
             Began as a High Elf Wanderer on Oct 31, 2017.
             Was an Initiate of Makhleb.
             Slain by an orc warrior
             ... wielding a +0 battleaxe
              (5 damage)
             ... on level 5 of the Dungeon.
             The game lasted 00:14:18 (1515 turns).

tidbits the Skirmisher (High Elf Wanderer)          Turns: 1515, Time: 00:14:19

Health: 0/45       AC:  8    Str: 12    XL:     6   Next: 70%
Magic:  11/11      EV: 11    Int: 18    God:    Makhleb [......]
Gold:   103        SH:  0    Dex: 14    Spells: 3 memorised, 5 levels left

rFire  . . .     SeeInvis .     c - +0 hand crossbow
rCold  + . .     Gourm    .     B - +0 ring mail {rC+}
rNeg   . . .     Faith    .     (no shield)
rPois  .         Spirit   .     (no helmet)
rElec  .         Reflect  .     C - +2 cloak
rCorr  .         Harm     .     (no gloves)
MR     .....                    (no boots)
Stlth  +.........               (no amulet)
                                (no ring)
                                (no ring)

@: repel missiles, invisible
A: no striking features
a: Renounce Religion


You were on level 5 of the Dungeon.
You worshipped Makhleb.
Makhleb was noncommittal.
You were very hungry.

You visited 2 branches of the dungeon, and saw 7 of its levels.

You collected 103 gold pieces.

Inventory:

Hand Weapons
 a - a +0 short sword
   (You found it on level 1 of the Dungeon)
 c - a +0 hand crossbow (weapon)
 E - a +0 falchion
   (You found it on level 5 of the Dungeon)
Missiles
 d - 68 bolts (quivered)
 i - 31 stones
 m - 31 arrows
 n - 43 sling bullets
 G - 2 curare-tipped needles
Armour
 e - a +0 robe
 p - a +0 ring mail
   (You found it on level 1 of the Dungeon)
 B - a +0 ring mail of cold resistance (worn)
   (You found it on level 2 of the Dungeon)
 C - a +2 cloak (worn)
   (You found it on level 5 of the Dungeon)
Wands
 D - a wand of acid (4/15)
   (You found it on level 5 of the Dungeon)
 F - a wand of polymorph (4/24)
   (You found it on level 5 of the Dungeon)
Scrolls
 g - 3 scrolls of magic mapping {unknown}
 l - a scroll of blinking {unknown}
 q - a scroll of amnesia {unknown}
 r - a scroll of enchant weapon {unknown}
 t - a scroll of recharging {unknown}
 w - a scroll of remove curse
 H - a scroll of noise {unknown}
Potions
 h - a potion of cancellation
 o - 2 potions of curing
 v - a potion of brilliance
 x - a potion of lignification {unknown}
Books
 b - the Compendium of Darkness

   Spells                             Type                      Level
   a - Pain                           Necromancy                   1
   b - Regeneration                   Charms/Necromancy            3
 k - a book of Flames

   Spells                             Type                      Level
   a - Flame Tongue                   Conjuration/Fire             1
   b - Throw Flame                    Conjuration/Fire             2
   c - Conjure Flame                  Conjuration/Fire             3
   d - Inner Flame                    Hexes/Fire                   3
   e - Sticky Flame                   Conjuration/Fire             4
   f - Fireball                       Conjuration/Fire             5
 u - a book of Minor Magic
   (You found it on level 5 of the Dungeon)

   Spells                             Type                      Level
   a - Magic Dart                     Conjuration                  1
   b - Blink                          Translocation                2
   c - Call Imp                       Summoning                    2
   d - Repel Missiles                 Charms/Air                   2
   e - Slow                           Hexes                        2
   f - Conjure Flame                  Conjuration/Fire             3
   g - Mephitic Cloud                 Conjuration/Poison/Air       3
 y - a book of Geomancy
   (You found it on level 4 of the Dungeon)

   Spells                             Type                      Level
   a - Sandblast                      Earth                        1
   b - Passwall                       Transmutation/Earth          2
   c - Stone Arrow                    Conjuration/Earth            3
   d - Petrify                        Transmutation/Earth          4
   e - Lee's Rapid Deconstruction     Earth                        5
Comestibles
 f - 2 bread rations
 j - 2 beef jerkies
 z - 2 meat rations
 A - a slice of pizza


   Skills:
 - Level 5.2 Fighting
 + Level 0.0 Long Blades
 - Level 1.0 Crossbows
 - Level 1.0 Armour
 - Level 1.9 Dodging
   Level 1.0 Shields
 - Level 3.0 Spellcasting
 - Level 2.3 Charms
 + Level 0.0 Translocations
 - Level 1.1 Transmutations
   Level 3.0 Fire Magic
 - Level 2.3 Air Magic
 + Level 0.0 Earth Magic
 + Level 0.0 Invocations
 - Level 1.0 Evocations


You had 5 spell levels left.
You knew the following spells:

 Your Spells              Type           Power        Failure   Level  Hunger
b - Blink                 Tloc           N/A          65%         2    ##.....
m - Repel Missiles        Chrm/Air       ##....       21%         2    ##.....
w - Passwall              Tmut/Erth      #.........   52%         2    ##.....


Dungeon Overview and Level Annotations

Branches:
Dungeon (6/15)             Temple (1/1) D:5

Altars:
Cheibriados
Dithmenos
Fedhas
Makhleb
Nemelex Xobeh
Ru
Sif Muna
Uskayaw
Lugonu


Message History

d - 66 bolts (gained 2)
Found a falchion.
d - 67 bolts (gained 1)
There is a stone staircase leading down here.
You climb downwards.
An adder, an orc, an orc warrior and 2 orc wizards come into view.
The adder hisses angrily.
The orc warrior shouts!
The orc wizard shouts!
The orc wizard gestures at you while chanting.
You feel yourself slow down.
Found a dented bone amulet.
A bullfrog, an orc and a crimson imp come into view.
There is a stone staircase leading up here.
Unknown command.
The bullfrog gives a loud, deep croak!
The orc shouts!
You climb upwards.
There is a stone staircase leading down here.
d - 68 bolts (gained 1)
D - a wand of acid You see here a falchion.
E - a falchion You feel yourself speed up.
You are feeling hungry.
Okay, then.
You open the door.
Found a staircase to the Ecumenical Temple.
There is an open door here.
As you open the door, it creaks loudly!
Found a bronze wand.
There is an open door here.
There is an open door here.
There is a staircase to the Ecumenical Temple here.
You climb downwards.
Welcome to the Ecumenical Temple!
There is a staircase back to the Dungeon here.
Why would you want to do that?
Unknown command.
Found two corrupted altars of Lugonu and a blossoming altar of Fedhas.
Found two corrupted altars of Lugonu and a burning altar of Makhleb.
Found a snail-covered altar of Cheibriados and a corrupted altar of Lugonu.
Found a hide-covered altar of Uskayaw.
There is a burning altar of Makhleb here.
You kneel at the altar of Makhleb.
Makhleb welcomes you!
There is a blossoming altar of Fedhas here.
There is a staircase back to the Dungeon here.
You climb upwards.
Welcome back to the Dungeon!
There is a staircase to the Ecumenical Temple here.
There is an open door here.
There is an open door here.
F - a wand of polymorph
There is a stone staircase leading up here.
Okay, then.
You climb upwards.
There is a stone staircase leading down here.
There is a stone staircase leading down here.
You climb downwards.
There is a stone staircase leading up here.
Found a meat ration.
z - 2 meat rations (gained 1)
Found 23 stones.
You are feeling very hungry.
Found 2 curare-tipped needles.
You see here 2 curare-tipped needles.
G - 2 curare-tipped needles
Found a scroll labeled TYV FOSACH.
Found 25 stones.
H - a scroll labeled TYV FOSACH
There is a stone staircase leading down here.
You climb downwards.
The bullfrog hits you but does no damage.
The crimson imp misses you. The bullfrog closely misses you.
The orc hits you but does no damage. x2; The crimson imp barely misses you.
The adder bites you but does no damage.
The orc warrior hits you with a battleaxe!!
Ouch! That really hurt!
* * * LOW HITPOINT WARNING * * *
The bullfrog hits you but does no damage.
There is a stone staircase leading up, spattered with blood here.
The adder barely misses you.
The bullfrog hits you but does no damage.
The orc wizard casts a spell.
The orc wizard blinks!
The orc closely misses you.
The crimson imp hits you but does no damage.
The orc warrior hits you with a battleaxe!
* * * LOW HITPOINT WARNING * * *
You climb upwards.
There is a stone staircase leading down here.
As you read the scroll labeled QIQURI ZYATSE, it crumbles to dust.
You feel blessed for a moment.
It was a scroll of remove curse.
The bullfrog hits you.
* * * LOW HITPOINT WARNING * * *
The adder misses you. The orc hits you but does no damage. x2
The crimson imp lashes its tail.
The crimson imp closely misses you.
The bullfrog hits you but does no damage.
The adder barely misses you.
Okay, then.
It was a potion of invisibility.
You fade into invisibility!
The orc warrior hits you with a battleaxe.
You die...

# #......###.##.....## #
##......# #......#..#
.###......## #......##.#####.#
.##........###.....###......#
....####..........####.#####.#
.... #.####..........#
#...####..#####.......#######.#
#(...#......##.S5.....###....#
...............o@F.......#####
..###'###.#....#oo.....### ##
..#.....#.....####....## #.#
..#.###.#....## #.....### #.#
..'.'>#.'.##.# #.......####.##
..#.###.####.# #.............#
..#.....# #.# ##..#.........##
..###'### #..# #...#.........#
......# #...##.........##...#


You could see an orc warrior, a bullfrog, a crimson imp, an adder and 2 orcs.

Vanquished Creatures
  An ice beast (D:4)
  An ogre (D:4)
  A howler monkey (D:5)
  A bullfrog zombie (D:5)
  An orc priest (D:4)
  2 hounds
  2 worker ants (D:4)
  2 adders
  2 worms
  A dart slug (D:1)
  A leopard gecko (D:2)
  An orc (D:5)
  2 bats
  A giant cockroach (D:4)
  A goblin (D:3)
  7 hobgoblins
  2 kobolds (D:2)
  A quokka (D:2)
  4 frilled lizards
  6 rats
40 creatures vanquished.

Notes
Turn   | Place    | Note
-------+----------+-------------------------------------------
     0 | D:1      | tidbits the High Elf Wanderer began the quest for the Orb.
     0 | D:1      | tidbits set off with: a book of Flames, the Compendium of Darkness, a +0 hand crossbow, 23 bolts, a +0 robe, a bread ration
     0 | D:1      | Reached XP level 1. HP: 13/13 MP: 3/3
     0 | D:1      | Identified the Compendium of Darkness
    14 | D:1      | Reached skill level 1 in Dodging
    65 | D:1      | Reached XP level 2. HP: 12/18 MP: 4/4
   238 | D:2      | Found a deep blue altar of Sif Muna.
   246 | D:2      | Reached skill level 2 in Fighting
   322 | D:2      | Reached XP level 3. HP: 20/24 MP: 5/5
   501 | D:2      | Found a sparkling altar of Nemelex Xobeh.
   628 | D:4      | Reached skill level 3 in Fighting
   650 | D:4      | Reached XP level 4. HP: 21/33 MP: 6/6
   762 | D:3      | Found a shadowy altar of Dithmenos.
   806 | D:5      | Entered Level 5 of the Dungeon
   831 | D:5      | Reached skill level 4 in Fighting
   940 | D:4      | Found a sacrificial altar of Ru.
   957 | D:4      | Noticed an ice beast
   964 | D:4      | Killed an ice beast
   964 | D:4      | Reached skill level 5 in Fighting
   964 | D:4      | Reached XP level 5. HP: 29/39 MP: 7/7
  1029 | D:4      | Learned a level 2 spell: Passwall
  1032 | D:4      | Learned a level 2 spell: Repel Missiles
  1035 | D:4      | Learned a level 2 spell: Blink
  1091 | D:4      | Noticed an ogre
  1113 | D:4      | Killed an ogre
  1113 | D:4      | Reached skill level 3 in Spellcasting
  1113 | D:4      | Reached XP level 6. HP: 27/45 MP: 7/11
  1137 | D:4      | Reached skill level 1 in Charms
  1137 | D:4      | Reached skill level 1 in Air Magic
  1203 | D:4      | You fall through a shaft!
  1247 | D:5      | Reached skill level 2 in Charms
  1247 | D:5      | Reached skill level 2 in Air Magic
  1277 | D:6      | Noticed an orc warrior
  1318 | D:5      | Found a staircase to the Ecumenical Temple.
  1329 | Temple   | Entered the Ecumenical Temple
  1347 | Temple   | Became a worshipper of Makhleb the Destroyer
  1515 | D:5      | Slain by an orc warrior

Skill      XL: |  1  2  3  4  5  6 |
---------------+-------------------+-----
Dodging        | 1 |  1.9
Fighting       | 2 3 5 |  5.2
Spellcasting   | 3 |  3.0
Charms         | 2 |  2.3
Air Magic      | 2 |  2.3
Crossbows      | |  1.0
Armour         | |  1.0
Shields        | |  1.0
Transmutations | |  1.1
Fire Magic     | |  3.0
Evocations     | |  1.0

Action                   |  1- 3 |  4- 6 || total
-------------------------+-------+-------++-------
 Fire: Hand crossbow     |    76 |    65 ||   141
 Cast: Repel Missiles    |       |     1 ||     1
  Use: Scroll            |       |     5 ||     5
       Potion            |       |     2 ||     2
  Eat: Chunk             |       |     1 ||     1
Armor: Ring mail         |    10 |    32 ||    42
Dodge: Dodged            |    30 |    37 ||    67

Table legend:
 A = Turns spent in this place as a percentage of turns spent in the entire game.
 B = Non-inter-level travel turns spent in this place as a percentage of non-inter-level travel turns spent in the entire game.
 C = Inter-level travel turns spent in this place as a percentage of turns spent in this place.
 D = Turns resting spent in this place as a percentage of non-inter-level travel turns spent in this place.
 E = Turns spent auto-exploring this place as a percentage of non-inter-level travel turns spent in this place.
 F = Non-inter-level travel turns spent in this place divided by the number of levels of this place that you've seen.
                   A       B       C       D       E      F
               +-------+-------+-------+-------+-------+----------------------
         Total | 100.0 | 100.0 |   0.1 |   0.0 |   0.0 | 181.4
       Dungeon |  98.3 |  98.3 |   0.0 |   0.0 |   0.0 | 208.2
        Temple |   1.7 |   1.7 |   4.5 |   0.0 |   0.0 |  21.0
               +-------+-------+-------+-------+-------+----------------------

Table legend:
 A = Kills in this place as a percentage of kills in entire the game.
 B = Kills by you in this place as a percentage of kills by you in the entire game.
 C = Kills by friends in this place as a percentage of kills by friends in the entire game.
 D = Other kills in this place as a percentage of other kills in the entire game.
 E = Experience gained in this place as a percentage of experience gained in the entire game.
 F = Experience gained in this place divided by the number of levels of this place that you have seen.
                   A       B       C       D       E      F
               +-------+-------+-------+-------+-------+----------------------
         Total | 100.0 | 100.0 |  -nan |  -nan | 100.0 |  89.9
       Dungeon | 100.0 | 100.0 |  -nan |  -nan | 100.0 | 104.8
               +-------+-------+-------+-------+-------+----------------------

Vault maps used:
D:1:      tarquinn_simple_flora_water_e, minmay_quantized
D:2:      nicolae_overflow_crystal_walls, nemelex_xobeh_ov_fountains_minmay
D:3:      cheibrodos_ashenzari_chains, lemuel_crystal_altar, zin_scriptorium
D:4:      minmay_door_path, kennysheep_mini, minmay_mini_jars
D:5:      minmay_temple_entry_glassed_door, first_bread, serial_bayou_pond_e,
          uniq_duvessa
D:6:      chequers_temple_overflow_statue_of_worship, serial_shops,
          nicolae_shop_crystal
Temple:   kb_corrupted_temple
